 Dungeon Crawl Stone Soup version 0.18-a0-59-gb630132 (webtiles) character file.

20 Kemay the Changer (level 2, 0/18 HPs)
             Began as an Octopode Transmuter on Nov 8, 2015.
             Slain by an ooze (2 damage)
             ... on level 1 of the Dungeon.
             The game lasted 00:02:04 (942 turns).

Kemay the Changer (Octopode Transmuter)              Turns: 942, Time: 00:02:04

Health: 0/18       AC:  1    Str:  9    XL:     2   Next: 79%
Magic:  4/5        EV: 12    Int: 15    God:
Gold:   73         SH:  0    Dex: 12    Spells: 1 memorised, 4 levels left

rFire  . . .     SeeInvis .       - Unarmed
rCold  . . .     Clarity  .     (no shield)
rNeg   . . .     SustAt   .     (helmet restricted)
rPois  .         Gourm    .     (no amulet)
rElec  .         Spirit   .     (no ring)
rCorr  .         Warding  .     (no ring)
rMut   .         Stasis   .     (no ring)
MR     .....                    (no ring)
Stlth  ++........               (no ring)
                                (no ring)
                                (no ring)
                                (no ring)

@: appendage, not resistant to hostile enchantments, unstealthy
A: almost no armour, amphibious, 8 rings, constrict 8, tentacle spike 3,
camouflage 1, gelatinous body 1
a: End Transformation


You were on level 1 of the Dungeon.
You were not hungry.
One of your tentacles had a temporary spike.
You visited 1 branch of the dungeon, and saw 1 of its levels.

You collected 73 gold pieces.

Inventory:

Missiles
 a - 12 arrows
Scrolls
 d - a scroll of magic mapping {unknown}
 f - a scroll of teleportation {unknown}
 h - a scroll of enchant armour {unknown}
 i - a scroll of amnesia {unknown}
 j - 2 scrolls of identify {unknown}
Potions
 e - a potion of lignification {unknown}
Books
 b - a book of Changes

   Spells                             Type                      Level
   a - Beastly Appendage              Transmutation                1
   b - Sticks to Snakes               Transmutation                2
   c - Spider Form                    Transmutation/Poison         3
   d - Ice Form                       Ice/Transmutation            4
   e - Blade Hands                    Transmutation                5
Comestibles
 c - 2 bread rations
 g - 4 fruits


   Skills:
 - Level 1.0 Fighting
 - Level 2.0 Dodging
 - Level 3.0 Unarmed Combat
 - Level 2.0 Spellcasting
 + Level 3.2 Transmutations


You had 4 spell levels left.
You knew the following spells:

 Your Spells              Type           Power        Failure   Level  Hunger
a - Beastly Appendage     Trmt           ##....       8%          1    #......


Dungeon Overview and Level Annotations

Branches:
Dungeon (1/15)

Altars:


Innate Abilities, Weirdness & Mutations

You cannot wear most types of armour.
You are amphibious.
You can wear up to eight rings at the same time.
You can use your tentacles to constrict eight enemies at once.
Your skin changes colour to match your surroundings (Stealth).
Your rubbery body absorbs attacks (AC +1).
One of your tentacles bears a large vicious spike.


Message History

You barely miss the rat. You squeeze the rat.
You kill the rat!
You tentacle-slap the ooze. You squeeze the ooze.
The ooze is moderately wounded.
The ooze closely misses you.
You tentacle-slap the ooze. Your squeeze misses the ooze.
The ooze is almost dead.
The ooze hits you.
* * * LOW HITPOINT WARNING * * *
You tentacle-slap the ooze.
You kill the ooze!
You tentacle-slap the ooze. You squeeze the ooze, but do no damage.
The ooze is lightly wounded.
The ooze hits you.
* * * LOW HITPOINT WARNING * * *
Casting: Beastly Appendage
Confirm with . or Enter, or press ? or * to list all spells.
One of your tentacles grows a vicious spike.
The ooze hits you.
You die...

#.# #.#.##.#.######.......###>...
#.###.#.##......##.........##....
...........................'.....
......#..###############...####..
#.#####..#.............#..## ##.
#.# ##.# ........... #..# ## #.#
#.# ...s... #..# # #.#
#.#######J#######..# # #.#
#.#......@......#..# # ..#
#.'⌠....###....⌠+..####### ###
#.#......<......#.........
#.#..⌠...>...⌠..#..#######
#.###+#######+###..#
#............).....#
#########..........#
#..........#### #.###......#


You could see an ooze and a giant cockroach.

Vanquished Creatures
  An ooze (D:1)
  3 goblins (D:1)
  A hobgoblin (D:1)
  A bat (D:1)
  A giant cockroach (D:1)
  A giant newt (D:1)
  2 jackals (D:1)
  3 kobolds (D:1)
  4 rats (D:1)
17 creatures vanquished.

Notes
Turn   | Place    | Note
--------------------------------------------------------------
     0 | D:1      | Kemay the Octopode Transmuter began the quest for the Orb.
     0 | D:1      | Reached XP level 1. HP: 13/13 MP: 3/3
     1 | D:1      | Found a runed door.
   435 | D:1      | Reached XP level 2. HP: 18/18 MP: 3/5
   942 | D:1      | Slain by an ooze

Vault maps used:
D:1:      dpeg_arrival_caged_fury, serial_bayou_ford_a

Action                   || total
-------------------------++-------
Melee: Unarmed           ||    42
 Cast: Beastly Appendage ||     5
 Stab: Sleeping          ||     4
